 Dungeon Crawl Stone Soup version 0.21.1-1-g345015fe64 (webtiles) character file.

669 Lothor the Stinger (level 7, -5/41 HPs)
             Began as an Octopode Venom Mage on Mar 24, 2018.
             Slain by Duvessa
             ... wielding a +0 short sword
              (9 damage)
             ... on level 5 of the Dungeon.
             The game lasted 00:27:49 (4921 turns).

Lothor the Stinger (Octopode Venom Mage)            Turns: 4921, Time: 00:27:54

Health: -5/41      AC:  1    Str:  7    XL:     7   Next: 58%
Magic:  6/13       EV: 14    Int: 19    God:    Xom [.....*]
Gold:   189        SH:  0    Dex: 13    Spells: 2/14 levels left

rFire    . . .     SeeInvis +   D - +0 arbalest
rCold    . . .     Gourm    .   (shield currently unavailable)
rNeg     . . .     Faith    .   (helmet restricted)
rPois    .         Spirit   .   (no amulet)
rElec    .         Reflect  .   n - ring of see invisible
rCorr    +         Harm     .   o - ring of resist corrosion
MR       .....                  (no ring)
Stlth    ++........             (no ring)
HPRegen  0.13/turn              (no ring)
MPRegen  0.13/turn              (no ring)
                                (no ring)
                                (no ring)

@: very slightly contaminated, glowing
A: almost no armour, stealthy swim, amphibious, 8 rings, constrict 8, camouflage
1, gelatinous body 1
a: Renounce Religion


You were on level 5 of the Dungeon.
You worshipped Xom.
You were Xom's teddy bear.
You were not hungry.

You visited 1 branch of the dungeon, and saw 5 of its levels.

You collected 189 gold pieces.

Inventory:

Hand Weapons
 m - a +1 short sword of speed
 r - a +0 halberd of freezing
 y - a +2 spear of freezing
 D - a +0 arbalest (weapon)
Missiles
 d - 11 tomahawks
 f - 66 bolts (quivered)
 h - 11 sling bullets
 p - 78 stones
 x - 5 tomahawks of returning
Magical Staves
 C - an uncursed staff of earth
Jewellery
 n - a ring of see invisible (left tentacle)
 o - a ring of resist corrosion (right tentacle)
Wands
 z - a wand of scattershot (6)
 A - a wand of flame (37)
Scrolls
 c - 2 scrolls of enchant armour
 i - a scroll of identify
 j - a scroll of blinking {unknown}
 s - 2 scrolls of teleportation {unknown}
 u - a scroll of noise {unknown}
 v - 2 scrolls of magic mapping {unknown}
 w - a scroll of fear {unknown}
 B - 4 scrolls of remove curse {unknown}
Potions
 e - a potion of curing {unknown}
 g - a potion of cancellation {unknown}
 k - a potion of berserk rage
 l - a potion of haste
 q - a potion of flight {unknown}
Books
 a - a Young Poisoner's Handbook

   Spells                             Type                      Level
   a - Sting                          Conjuration/Poison           1
   b - Poisonous Vapours              Poison/Air                   2
   c - Mephitic Cloud                 Conjuration/Poison/Air       3
   d - Olgreb's Toxic Radiance        Poison                       4
   e - Venom Bolt                     Conjuration/Poison           5
Comestibles
 b - 6 rations
 t - 6 chunks of flesh


   Skills:
 - Level 0.2 Fighting
 - Level 1.0 Short Blades
 + Level 0.6 Polearms
 + Level 2.8 Dodging
 + Level 4.1 Stealth
 + Level 4.3 Spellcasting
 + Level 3.0 Conjurations
 + Level 1.0 Air Magic
 + Level 6.5 Poison Magic
 + Level 0.8 Evocations


You had 2 spell levels left.
You knew the following spells:

 Your Spells              Type           Power        Failure   Level  Hunger
a - Sting                 Conj/Pois      ###.         1%          1    None
b - Poisonous Vapours     Pois/Air       ###...       4%          2    #......
c - Olgreb's Toxic Radia  Pois           ####....     9%          4    ####...
d - Venom Bolt            Conj/Pois      ###.......   45%         5    ######.


Dungeon Overview and Level Annotations

Branches:
Dungeon (5/15)
 Temple: D:4-7

Altars:
Hepliaklqana
Sif Muna
Wu Jian
Xom
The Shining One

Annotations:
D:5 Duvessa


Innate Abilities, Weirdness & Mutations

You cannot wear most types of armour.
You are very stealthy in the water. (Stealth+)
You are amphibious.
You can wear up to eight rings at the same time.
You can use your tentacles to constrict eight enemies at once.
Your skin changes colour to match your surroundings (Stealth+).
Your rubbery body absorbs attacks. (AC +1, EV +1)


Message History

The sting hits Dowan.
Dowan looks as sick as possible!
Dowan is almost dead.
You kill Dowan!
You hear a distant scream of rage.
Your Conjurations skill increases to level 3!
Duvessa goes berserk!
Xom is amused.
You hear a shout!
Casting: Sting
Confirm with . or Enter, or press ? or * to list all spells.
Aiming: Sting
Press: ? - help, Shift-Dir - straight line, f - Duvessa
Aim: Duvessa, wielding a short sword and wearing a ring mail (berserk, fast, unusually strong)
The sting hits Duvessa.
Duvessa is poisoned.
Duvessa is lightly wounded.
Duvessa hits you with a short sword!
* * * LOW HITPOINT WARNING * * *
Duvessa hits you with a short sword!
You die...
Xom howls with laughter!

..)....##.# #.##.....###_+.
........##.###.##.....# #+##
(.......##..##........# #.#
........###e........#.###.##
#####.#......##...##........
#...####..#...##.#..#<## ##
###....##..#.##...
#.e..........####.
#@....)....### #.
#..............# #.
#...############ #. #... ..
#.. .... ####


You could see Duvessa (berserk).

Vanquished Creatures
  The ghost of BrokenGlass the Skirmisher, an amateur VSAs (D:5)
  A scorpion (D:4)
  Dowan (D:5)
  A hound (D:4)
  A gnoll shaman (D:4)
  An iguana (D:4)
  A worker ant (D:5)
  Robin (D:3)
  7 gnolls
  12 adders
  An ooze (D:5)
  A worm (D:3)
  2 dart slugs
  2 leopard geckos (D:3)
  7 orcs
  5 giant cockroaches
  15 goblins
  5 hobgoblins
  4 jackals (D:3)
  8 kobolds
  5 quokkas
  9 bats
  6 frilled lizards
  A giant cockroach zombie (D:5)
  7 rats
105 creatures vanquished.

Vanquished Creatures (collateral kills)
  A gnoll (D:5)
1 creature vanquished.

Grand Total: 106 creatures vanquished

Notes
Turn   | Place    | Note
-------+----------+-------------------------------------------
     0 | D:1      | Lothor the Octopode Venom Mage began the quest for the Orb.
     0 | D:1      | Reached XP level 1. HP: 11/11 MP: 3/3
   246 | D:1      | Reached XP level 2. HP: 17/17 MP: 0/5
   252 | D:1      | Reached skill level 4 in Poison Magic
   364 | D:1      | Learned a level 2 spell: Poisonous Vapours
   534 | D:1      | Found a shadowy altar of Dithmenos.
   536 | D:1      | Found a shadowy altar of Dithmenos.
   536 | D:1      | Found a shimmering altar of Xom.
   538 | D:1      | Found a deep blue altar of Sif Muna.
   538 | D:1      | Found a blossoming altar of Fedhas.
   538 | D:1      | Found a deep blue altar of Sif Muna.
   563 | D:1      | Became a worshipper of Xom of Chaos
   781 | D:2      | Reached XP level 3. HP: 18/21 MP: 3/6
   965 | D:1      | XOM: harmless Air miscast
  1255 | D:2      | Reached XP level 4. HP: 18/27 MP: 1/7
  1255 | D:2      | XOM is BORED!
  1255 | D:2      | XOM: silly message
  1731 | D:2      | Reached skill level 1 in Air Magic
  1922 | D:2      | Learned a level 4 spell: Olgreb's Toxic Radiance
  1973 | D:2      | XOM: silly message
  2016 | D:2      | Reached skill level 5 in Poison Magic
  2170 | D:2      | Found a deep blue altar of Sif Muna.
  2204 | D:2      | Found a hazy altar of Hepliaklqana.
  2336 | D:3      | XOM: harmless Air miscast
  2428 | D:3      | Reached XP level 5. HP: 25/31 MP: 4/8
  2855 | D:3      | Found a glowing golden altar of the Shining One.
  2971 | D:3      | Noticed Robin
  3037 | D:3      | Killed Robin
  3045 | D:3      | XOM: enchant monster (good)
  3431 | D:3      | XOM is BORED!
  3815 | D:4      | XOM: smoke on damage
  3855 | D:4      | XOM: confuse monster(s)
  3880 | D:4      | Reached XP level 6. HP: 31/36 MP: 3/10
  4083 | D:4      | XOM: god gift: 18 stones
  4165 | D:4      | XOM: smoke on damage
  4166 | D:4      | Reached skill level 1 in Short Blades
  4190 | D:4      | XOM: smoke on damage
  4406 | D:5      | Entered Level 5 of the Dungeon
  4430 | D:5      | XOM: smoke on damage
  4431 | D:5      | Reached skill level 6 in Poison Magic
  4442 | D:5      | XOM: enchant monster (good)
  4534 | D:4      | XOM: cloud trail
  4685 | D:5      | Reached XP level 7. HP: 41/41 MP: 9/12
  4696 | D:5      | Learned a level 5 spell: Venom Bolt
  4751 | D:5      | Found an ornate altar of the Wu Jian Council.
  4766 | D:5      | Noticed BrokenGlass's ghost (amateur VSAs)
  4783 | D:5      | Killed BrokenGlass's ghost
  4878 | D:5      | XOM: god gift: arbalest {god gift}
  4902 | D:5      | Noticed Dowan
  4904 | D:5      | Noticed Duvessa
  4919 | D:5      | Killed Dowan
  4921 | D:5      | Slain by Duvessa

Skill      XL: |  1  2  3  4  5  6  7 |
---------------+----------------------+-----
Stealth        | 3 4 |  4.1
Poison Magic   | 4 5 6 |  6.5
Air Magic      | 1 |  1.0
Spellcasting   | 3 4 |  4.3
Conjurations   | 2 3 |  3.0
Short Blades   | 1 |  1.0
Fighting       | |  0.2
Polearms       | |  0.6
Dodging        | |  2.8
Evocations     | |  0.8

Action                   |  1- 3 |  4- 6 |  7- 9 || total
-------------------------+-------+-------+-------++-------
Melee: Dagger            |     9 |       |       ||     9
       Constrict         |     5 |    10 |       ||    15
       Tentacles         |     5 |     4 |     1 ||    10
       Short sword       |     3 |    35 |       ||    38
       Spear             |       |     4 |     5 ||     9
 Fire: Arbalest          |       |       |     4 ||     4
 Cast: Sting             |    48 |    97 |     9 ||   154
       Poisonous Vapours |     7 |     4 |       ||    11
       Olgreb's Toxic Ra |       |    10 |     1 ||    11
Evoke: Wand              |       |       |     9 ||     9
  Use: Potion            |       |     2 |       ||     2
       Scroll            |       |     5 |     1 ||     6
  Eat: Chunk             |     2 |     9 |       ||    11
       Ration            |       |     2 |       ||     2
Armor: Skin              |     4 |     4 |     1 ||     9
Dodge: Dodged            |    15 |    49 |    10 ||    74
